 Dungeon Crawl Stone Soup version 0.15.0-14-g6bbbb5c (console) character file.

385 gw the Chopper (level 6, -3/57 HPs)
             Began as a Deep Dwarf Fighter on Sept 4, 2014.
             Slain by gw's ghost (12 damage)
             ... on Level 3 of the Dungeon.
             The game lasted 00:01:40 (1615 turns).

gw the Chopper (Deep Dwarf Fighter)                 Turns: 1615, Time: 00:01:40

HP  -3/57        AC  8     Str 20      XL: 6   Next: 48%
MP   6/6         EV  9     Int  8      God:
Gold 0           SH  0     Dex 14      Spells:  0 memorised,  5 levels left

rFire  . . .     SeeInvis .     a - +1 war axe
rCold  . . .     Clarity  .     b - +0 scale mail
rNeg   . . .     rCorr    .     (no shield)
rPois  .         rRot     .     (no helmet)
rElec  .         Spirit   .     l - +0 cloak
SustAb .         Warding  .     (no gloves)
rMut   .         Stasis   .     (no boots)
Gourm  .                        (no amulet)
MR     .....                    (no ring)
                                (no ring)

@: non-regenerating, not resistant to hostile enchantments, extremely unstealthy
A: damage resistance, recharge devices, sense surroundings 1, slow healing 3
a: Device Recharging


You were on level 3 of the Dungeon.
You were not hungry.

You visited 1 branch of the dungeon, and saw 3 of its levels.

Inventory:

Hand weapons
 a - a +1 war axe (weapon)
Missiles
 i - 25 stones (quivered)
Armour
 b - a +0 scale mail (worn)
 l - a +0 cloak (worn)
Magical devices
 d - a wand of heal wounds (4)
Comestibles
 c - 2 beef jerkies
 f - 4 bread rations
 h - a meat ration
 r - a slice of pizza
Scrolls
 e - a scroll of teleportation {unknown}
 g - a scroll of magic mapping {unknown}
 p - a scroll of identify
Potions
 j - 2 potions of resistance {unknown}
 k - a potion of heal wounds


   Skills:
 + Level 3.7 Fighting
 * Level 5.4 Axes
 + Level 2.2 Throwing
 + Level 4.4 Armour
   Level 3.2 Shields


You had 5 spell levels left.
You didn't know any spells.

Dungeon Overview and Level Annotations

Branches:
Dungeon (3/15)

Altars:

Annotations:
D:3 gw's ghost, average DDFi


Innate Abilities, Weirdness & Mutations

You are resistant to damage.
You can recharge devices by infusing magical energy.
You passively map a small area around you.
You do not heal naturally.


Message History

MOVING TO (0,1) MOVING TO (1,-8) Gw's ghost barely misses you.
MOVING TO (1,-7) Gw's ghost hits you!
MOVING TO (2,-6) Gw's ghost closely misses you.
MOVING TO (2,-5)
The orc hits you.
MOVING TO (2,-4) Gw's ghost whispers, "The ORB doesn't exist."
The orc hits you but does no damage.
MOVING TO (1,-3)
The orc hits you.
MOVING TO (1,-2) MOVING TO (1,-1)
An orc priest comes into view.
MOVING TO (7,2) Gw's ghost hits you!
You die...

######## , , #......# .
#......# ##### , ...,
#......# #...# *
,..o##......########...##
...................... , ,
*#......# #####...## ,
##..g...## #......# * **
#######.oW.....####......##
.........................<.
* *
#######........####...#####
#...........# #...#
#.....####### #...# #.....#
#...# #.....# #...# #.....#
#####


You could see an orc priest, gw's ghost and an orc.

Table legend:
 A = Turns spent in this place as a percentage of turns spent in the entire game.
 B = Non-inter-level travel turns spent in this place as a percentage of non-inter-level travel turns spent in the entire game.
 C = Inter-level travel turns spent in this place as a percentage of turns spent in this place.
 D = Turns resting spent in this place as a percentage of non-inter-level travel turns spent in this place.
 E = Turns spent auto-exploring this place as a percentage of non-inter-level travel turns spent in this place.
 F = Non-inter-level travel turns spent in this place divided by the number of levels of this place that you've seen.
                   A       B       C       D       E      F
               +-------+-------+-------+-------+-------+----------------------
         Total | 100.0 | 100.0 |   1.9 |   0.0 |  16.4 | 203.7
       Dungeon | 100.0 | 100.0 |   1.9 |   0.0 |  16.4 | 203.7
               +-------+-------+-------+-------+-------+----------------------

Table legend:
 A = Kills in this place as a percentage of kills in entire the game.
 B = Kills by you in this place as a percentage of kills by you in the entire game.
 C = Kills by friends in this place as a percentage of kills by friends in the entire game.
 D = Other kills in this place as a percentage of other kills in the entire game.
 E = Experience gained in this place as a percentage of experience gained in the entire game.
 F = Experience gained in this place divided by the number of levels of this place that you have seen.
                   A       B       C       D       E      F
               +-------+-------+-------+-------+-------+----------------------
         Total | 100.0 | 100.0 |  -nan |  -nan | 100.0 | 183.7
       Dungeon | 100.0 | 100.0 |  -nan |  -nan | 100.0 | 183.7
               +-------+-------+-------+-------+-------+----------------------

Vanquished Creatures
  Grinder (D:3)
  Crazy Yiuf (D:3)
  Natasha (thrice) (D:3)
  Ijyb (D:2)
  2 adders
  A worm (D:2)
  7 hobgoblins
  6 bats
  A giant cockroach (D:3)
  3 giant newts
  4 goblins
  3 kobolds
  37 rats
70 creatures vanquished.

Notes
Turn   | Place    | Note
--------------------------------------------------------------
     0 | D:1      | gw, the Deep Dwarf Fighter, began the quest for the Orb.
     0 | D:1      | Reached XP level 1. HP: 20/20 MP: 1/1
   320 | D:1      | Reached XP level 2. HP: 22/27 MP: 2/2
   323 | D:1      | You fall through a shaft!
   448 | D:2      | Reached XP level 3. HP: 20/33 MP: 3/3
   797 | D:2      | Noticed Ijyb
   810 | D:2      | Killed Ijyb
   810 | D:2      | Reached skill level 1 in Throwing
  1070 | D:2      | Reached XP level 4. HP: 19/42 MP: 4/4
  1410 | D:3      | Noticed Crazy Yiuf
  1410 | D:3      | Noticed Natasha
  1413 | D:3      | Killed Natasha
  1413 | D:3      | Reached skill level 4 in Axes
  1414 | D:3      | Killed Crazy Yiuf
  1437 | D:3      | Noticed Natasha
  1440 | D:3      | Killed Natasha
  1440 | D:3      | Reached XP level 5. HP: 31/49 MP: 5/5
  1507 | D:3      | Noticed Natasha
  1513 | D:3      | Killed Natasha
  1545 | D:3      | Noticed Grinder
  1556 | D:3      | Killed Grinder
  1556 | D:3      | Reached skill level 5 in Axes
  1556 | D:3      | Reached XP level 6. HP: 20/57 MP: 6/6
  1599 | D:3      | Noticed gw's ghost (average DDFi)
  1615 | D:3      | Slain by gw's ghost

Action                   |  1- 3 |  4- 6 || total
-------------------------+-------+-------++-------
Melee: War axe           |   147 |    76 ||   223
Throw: Stone             |    56 |    24 ||    80
Evoke: Wand              |     1 |       ||     1
  Use: Potion            |       |     6 ||     6
       Scroll            |       |     5 ||     5
  Eat: Chunk             |     1 |     2 ||     3

Vault maps used:
D:1:      evilmike_arrival_plus, minmay_statues_item
D:2:      minmay_rats_cheesy_pizza, uniq_iyjb
D:3:      uniq_grinder, uniq_crazy_yiuf_cottage, uniq_natasha
